 Dungeon Crawl Stone Soup version 0.18-b1-14-g029dad2 (webtiles) character file.

2849 Alarkh the Spear-Bearer (level 9, -1/57 HPs)
             Began as a Mummy Necromancer on Apr 30, 2016.
             Was an Initiate of Gozag.
             Shot with an arrow by a centaur (18 damage)
             ... on level 7 of the Dungeon.
             The game lasted 00:14:18 (6959 turns).

Alarkh the Spear-Bearer (Mummy Necromancer)         Turns: 6959, Time: 00:14:19

Health: -1/57      AC:  3    Str: 11    XL:     9   Next: 46%
Magic:  10/16      EV: 14    Int: 18    God:    Gozag
Gold:   811        SH:  0    Dex: 12    Spells: 3 memorised, 10 levels left

rFire  . . .     SeeInvis .     x - +0 spear (curse)
rCold  + . .     Gourm    .     n - +0 robe
rNeg   + + +     Faith    .     (no shield)
rPois  ∞         Spirit   .     (no helmet)
rElec  .         Dismiss  .     (no cloak)
rCorr  .         Reflect  .     (no gloves)
SustAt .         Harm     .     i - +0 pair of boots
MR     +....                    (no amulet)
Stlth  +.........               v - +3 ring of evasion
                                o - ring of protection from fire (curse)

@: drained, somewhat resistant to hostile enchantments, very unstealthy
A: no food or potions, fire vulnerability, cold resistance 1, negative energy
resistance 3, torment resistance, unbreathing
a: Potion Petition, Call Merchant, Bribe Branch, Renounce Religion


You were on level 7 of the Dungeon.
You worshipped Gozag.
Gozag was noncommittal.
You were not hungry.

You visited 2 branches of the dungeon, and saw 8 of its levels.

You collected 867 gold pieces.
You paid 56 gold pieces to Gozag.

Inventory:

Hand Weapons
 a - a +0 trident
 e - a +0 dagger
 j - a +0 halberd
 m - a +0 mace
 x - a cursed +0 spear (weapon)
Armour
 i - a +0 pair of boots (worn)
 n - a +0 robe (worn)
 t - a +2 large shield
Jewellery
 o - a cursed ring of protection from fire (left hand)
 v - a +3 ring of evasion (right hand)
 w - an uncursed amulet of harm
Wands
 q - a wand of slowing (26/48)
Scrolls
 c - 2 scrolls of amnesia
 d - 2 scrolls of random uselessness
 f - 3 scrolls of noise
 g - a scroll of enchant armour
 h - 2 scrolls of fear
 k - 3 scrolls of blinking
 l - 2 scrolls of enchant weapon
 p - a scroll of recharging {unknown}
 r - 3 scrolls of teleportation
 u - a scroll of fog
Books
 b - a book of Necromancy

   Spells                             Type                      Level
   a - Pain                           Necromancy                   1
   b - Animate Skeleton               Necromancy                   1
   c - Vampiric Draining              Necromancy                   3
   d - Regeneration                   Charms/Necromancy            3
   e - Animate Dead                   Necromancy                   4
   f - Control Undead                 Necromancy                   4
 s - Sif Muna's Volume of Harmful Flight
   (You found it on level 6 of the Dungeon)

   Spells                             Type                      Level
   a - Swiftness                      Charms/Air                   2
   b - Throw Flame                    Conjuration/Fire             2
   c - Spellforged Servitor           Conjuration/Summoning        7
   d - Tornado                        Air                          9


   Skills:
 + Level 8.8(8.2) Polearms
 - Level 1.5(1.0) Dodging
 - Level 1.5(1.0) Stealth
 - Level 5.0(4.4) Spellcasting
 - Level 7.2(6.7) Necromancy


You had 10 spell levels left.
You knew the following spells:

 Your Spells              Type           Power        Failure   Level  Hunger
a - Pain                  Necr           ####         1%          1    N/A
b - Vampiric Draining     Necr           ####......   2%          3    N/A
c - Control Undead        Necr           ####......   12%         4    N/A

Dungeon Overview and Level Annotations

Branches:
Dungeon (7/15)             Temple (1/1) D:4

Altars:
Ashenzari
Cheibriados
Dithmenos
Elyvilon
Fedhas
Gozag
Kikubaaqudgha
Makhleb
Nemelex Xobeh
Okawaru
Pakellas
Ru
Sif Muna
Trog
Vehumet
Xom
Yredelemnul
The Shining One

Shops:
D:6 =


Innate Abilities, Weirdness & Mutations

You do not eat or drink.
Your flesh is vulnerable to fire.
You are immune to poison.
Your flesh is cold resistant.
You are immune to negative energy.
You are immune to unholy pain and torment.
You can survive without breathing.


Message History

Aim: a centaur, wielding a shortbow (heavily wounded, chance to defeat MR: 84%)
The centaur convulses in agony!
The centaur shoots an arrow.
The arrow hits you!
You hear a splash.
Casting: Pain
Confirm with . or Enter, or press ? or * to list all spells.
Aiming: Pain
Press: ? - help, Shift-Dir - straight line, f/p - centaur
Aim: a centaur, wielding a shortbow (heavily wounded, chance to defeat MR: 84%)
The centaur convulses in agony!
The centaur shoots an arrow.
The arrow hits you!
* * * LOW HITPOINT WARNING * * *
Casting: Pain
Confirm with . or Enter, or press ? or * to list all spells.
Aiming: Pain
Press: ? - help, Shift-Dir - straight line, f/p - centaur
Aim: a centaur, wielding a shortbow (almost dead, chance to defeat MR: 84%)
The centaur barely resists.
The centaur shoots an arrow.
The arrow hits you!!
You die...
Your body crumbles into a pile of gold.

##..####...#_#..............##
##..## #...###...#..........#
##.!## #...[.....######..####
#..## ##........# #..#
##.##########.......# #..#
#.##≈≈≈≈≈≈≈≈≈≈≈≈≈..## #..# .##
≈≈≈≈≈≈≈≈≈≈≈≈≈(## #####..#####
####≈≈≈≈≈≈≈≈≈≈≈≈≈(#
#...........
()((≈≈≈≈≈≈≈≈≈≈≈≈@(#
#...........
###(≈≈≈c≈≈≈≈≈≈≈≈≈.#
##.......... #(≈≈≈≈≈...≈≈≈≈≈.#
#.......... #.≈≈≈≈≈...≈c≈≈≈.#
##......... #.≈≈≈≈≈...≈≈≈≈≈##
##..!....# #.≈≈≈≈≈≈≈≈≈≈≈≈≈#
#.....### #.≈≈≈≈≈≈≈≈≈≈≈≈≈#
##.##### #.≈≈≈≈≈≈≈≈≈≈≈≈≈# #..#
#.≈≈≈≈≈≈≈ #.##


You could see a centaur.

Vanquished Creatures
  Pikel (D:7)
  A human (D:6)
  Edmund (D:5)
  A hippogriff (D:7)
  Menkaure (D:5)
  A black bear (D:6)
  4 ogres
  An ice beast (D:6)
  2 sky beasts (D:5)
  3 centaurs
  3 giant frogs (D:7)
  A crimson imp (D:7)
  A howler monkey (D:6)
  A jelly (D:7)
  An orc priest (D:7)
  A centaur skeleton (D:7)
  An iguana (Temple)
  5 orc wizards
  6 worker ants
  4 sheep (D:7)
  7 gnolls
  10 adders
  2 shadow imps
  An adder zombie (D:5)
  3 worms
  2 dart slugs
  6 giant geckos
  18 orcs
  A giant cockroach (D:1)
  8 hobgoblins
  4 jackals (D:1)
  A quokka (D:2)
  A ball python (D:1)
  5 bats
  4 giant newts
  4 kobolds
  6 rats
123 creatures vanquished.

Vanquished Creatures (others)
  2 slaves (D:7)
  An orc (D:7)
3 creatures vanquished.

Grand Total: 126 creatures vanquished

Notes
Turn   | Place    | Note
--------------------------------------------------------------
     0 | D:1      | Alarkh the Mummy Necromancer began the quest for the Orb.
     0 | D:1      | Reached XP level 1. HP: 13/13 MP: 3/3
   444 | D:1      | Reached XP level 2. HP: 14/19 MP: 0/5
  1095 | D:2      | Reached XP level 3. HP: 24/24 MP: 4/7
  1154 | D:2      | Found a sacrificial altar of Ru.
  1182 | D:2      | Found a burning altar of Makhleb.
  1183 | D:2      | Found an ancient bone altar of Kikubaaqudgha.
  1508 | D:3      | Reached skill level 5 in Necromancy
  1508 | D:3      | Reached XP level 4. HP: 11/30 MP: 0/8
  1989 | D:3      | Found a blossoming altar of Fedhas.
  2282 | D:4      | Reached XP level 5. HP: 30/35 MP: 3/10
  2396 | D:4      | Reached skill level 1 in Polearms
  2431 | D:4      | Found a sparkling altar of Nemelex Xobeh.
  2843 | D:4      | Found a basalt altar of Yredelemnul.
  3155 | D:4      | Found a staircase to the Ecumenical Temple.
  3169 | Temple   | Entered the Ecumenical Temple
  3191 | Temple   | Became a worshipper of Gozag Ym Sagoz the Greedy
  3198 | Temple   | Reached XP level 6. HP: 19/41 MP: 3/11
  3203 | Temple   | Learned a level 3 spell: Vampiric Draining
  3208 | Temple   | Learned a level 4 spell: Control Undead
  3493 | D:5      | Entered Level 5 of the Dungeon
  3537 | D:5      | Noticed a sky beast
  3579 | D:5      | Killed a sky beast
  3579 | D:5      | Reached skill level 2 in Polearms
  3674 | D:5      | Noticed Menkaure
  3798 | D:5      | Killed Menkaure
  3798 | D:5      | Reached XP level 7. HP: 35/46 MP: 13/13
  3916 | D:5      | Noticed Edmund
  3934 | D:5      | Killed Edmund
  3934 | D:5      | Reached skill level 3 in Polearms
  4380 | D:5      | Reached skill level 5 in Spellcasting
  4646 | D:6      | Found Orgh's Jewellery Emporium.
  4679 | D:6      | Identified Sif Muna's Volume of Harmful Flight
  4852 | D:6      | Reached skill level 4 in Polearms
  4852 | D:6      | Reached XP level 8. HP: 27/52 MP: 5/15
  5080 | D:7      | Found a deep blue altar of Sif Muna.
  5080 | D:7      | Noticed Pikel
  5274 | D:6      | Reached skill level 5 in Polearms
  5577 | D:7      | Reached skill level 6 in Polearms
  5666 | D:7      | Found a shadowy altar of Dithmenos.
  5673 | D:7      | Killed Pikel
  5673 | D:7      | Reached skill level 7 in Polearms
  5673 | D:7      | Reached XP level 9. HP: 39/57 MP: 1/16
  5678 | D:7      | Found a snail-covered altar of Cheibriados.
  6061 | D:7      | Found a shattered altar of Ashenzari.
  6062 | D:7      | Reached skill level 8 in Polearms
  6623 | D:7      | HP: 1/57 [centaur/arrow (7)]
  6959 | D:7      | Shot with an arrow by a centaur

Skill      XL: |  1  2  3  4  5  6  7  8  9 |
---------------+----------------------------+-----
Spellcasting   | 3 4 5 |  5.0
Necromancy     | 5 6 7 |  7.2
Polearms       | 1 2 4 7 8 |  8.8
Dodging        | |  1.5
Stealth        | |  1.5

Action                   |  1- 3 |  4- 6 |  7- 9 || total
-------------------------+-------+-------+-------++-------
Melee: Dagger            |    43 |       |       ||    43
       Trident           |       |    34 |       ||    34
       Halberd           |       |     6 |    93 ||    99
       Spear             |       |       |     2 ||     2
 Cast: Pain              |    66 |   108 |   135 ||   309
       Vampiric Draining |       |     1 |    40 ||    41
  Use: Scroll            |     1 |     7 |     3 ||    11
 Stab: Sleeping          |       |     1 |       ||     1
Armor: Robe              |     4 |    11 |    29 ||    44
Dodge: Dodged            |    34 |    40 |   120 ||   194
